 Dungeon Crawl Stone Soup version 0.23-a0-405-g368ce00 (webtiles) character file.

1665 MisterFreud the Grappler (level 8, -2/74 HPs)
             Began as a Troll Monk on Nov 6, 2018.
             Was an Elder of Okawaru.
             Slain by a gargoyle
             ... wielding a +0 flail
              (10 damage)
             ... on level 7 of the Dungeon.
             The game lasted 00:11:31 (4880 turns).

MisterFreud the Grappler (Troll Monk)               Turns: 4880, Time: 00:11:32

Health: -2/74      AC:  8    Str: 22    XL:     8   Next: 69%
Magic:  6/7        EV: 12    Int:  6    God:    Okawaru [****..]
Gold:   290        SH:  0    Dex: 12    Spells: 7/7 levels left

rFire    . . .     SeeInvis .     - Unarmed
rCold    . . .     Gourm    +   (no shield)
rNeg     + . .     Faith    .   u - +2 robe "Ivafyom" {MR+}
rPois    .         Spirit   .   (helmet restricted)
rElec    .         Reflect  .   w - +0 cloak
rCorr    .         Harm     +   (gloves unavailable)
MR       ++...                  (boots unavailable)
Stlth    ++........             r - amulet of harm
HPRegen  0.62/turn              y - ring of positive energy
MPRegen  0.10/turn              t - ring of protection from magic

@: hasted, very quick
A: large, unfitting armour, claws 3, fast metabolism 3, gourmand, regeneration
1, shaggy fur 1, tough skin 2
a: Heroism, Renounce Religion


You were on level 7 of the Dungeon.
You worshipped Okawaru.
Okawaru was greatly pleased with you.
You were completely stuffed.

You visited 1 branch of the dungeon, and saw 7 of its levels.

You collected 290 gold pieces.

Inventory:

Missiles
 c - 125 stones (quivered)
Armour
 u - the +2 robe "Ivafyom" (worn) {MR+}
   (You found it on level 5 of the Dungeon)

   It affects your resistance to hostile enchantments.
 w - a +0 cloak (worn)
Jewellery
 n - an uncursed ring of poison resistance
 r - an amulet of harm (around neck)
 t - a ring of protection from magic (right claw)
 y - a ring of positive energy (left claw)
Wands
 h - a wand of polymorph (8)
 o - a wand of iceblast (17)
 q - a wand of paralysis (21)
 z - a wand of random effects (24)
Scrolls
 a - 2 scrolls of amnesia {unknown}
 d - a scroll of blinking {unknown}
 f - 5 scrolls of remove curse {unknown}
 g - a scroll of noise {unknown}
 i - 2 scrolls of immolation {unknown}
 j - a scroll of enchant weapon {unknown}
 l - 6 scrolls of identify {unknown}
 p - 2 scrolls of teleportation {unknown}
Potions
 e - 2 potions of curing
 k - a potion of haste
 m - a potion of degeneration {unknown}
 s - a potion of magic {unknown}
 v - a potion of cancellation {unknown}
Comestibles
 b - 17 rations


   Skills:
 - Level 2.4 Fighting
 + Level 4.3 Throwing
 - Level 6.0 Dodging
 - Level 1.0 Stealth
 - Level 8.0 Unarmed Combat


You had 7 spell levels left.
You didn't know any spells.
Your spell library contained the following spells:

 Spells                   Type           Power        Failure   Level  Hunger
 Magic Dart               Conj           #...         45%         1    ##.....
 Sandblast                Erth           #.....       45%         1    ##.....
 Shock                    Conj/Air       #...         45%         1    ##.....
 Sting                    Conj/Pois      #...         45%         1    ##.....
 Blink                    Tloc           N/A          58%         2    ###....
 Call Imp                 Summ           #.......     58%         2    ###....
 Passwall                 Tmut/Erth      #.......     58%         2    ###....
 Poisonous Vapours        Pois/Air       #.....       58%         2    ###....
 Slow                     Hex            #.......     58%         2    ###....
 Swiftness                Chrm/Air       #.......     58%         2    ###....
 Conjure Flame            Conj/Fire      #.......     83%         3    ####...
 Mephitic Cloud           Conj/Pois/Air  #.......     83%         3    ####...
 Static Discharge         Conj/Air       #.......     83%         3    ####...
 Stone Arrow              Conj/Erth      #.....       83%         3    ####...
 Airstrike                Air            #.........   99%         4    #####..
 Olgreb's Toxic Radiance  Pois           #.......     99%         4    #####..
 Petrify                  Tmut/Erth      #.......     99%         4    #####..
 Lee's Rapid Deconstruct  Erth           #.........   100%        5    ######.
 Lightning Bolt           Conj/Air       #.........   100%        5    ######.
 Venom Bolt               Conj/Pois      #.........   100%        5    ######.


Dungeon Overview and Level Annotations

Branches:
Dungeon (7/15)             Temple (0/1) D:5

Altars:
Elyvilon
Okawaru
Trog
Wu Jian
Yredelemnul
The Shining One
Beogh

Shops:
D:5 %

Annotations:
D:5 2 runed doors, nikopol's ghost, novice DEFE
D:6 3 runed doors, ThereIsNoGod's ghost, novice OpFi
D:7 3 runed doors, HydraWiggins's ghost, novice TrAE


Innate Abilities, Weirdness & Mutations

You are too large for most types of armour.
You have claws for hands.
Your metabolism is lightning-fast.
You like to eat raw meat.
Your natural rate of healing is unusually fast.
You are covered in fur. (AC +1)
You have very tough skin. (AC +2)


Message History

The gargoyle hurls a stone arrow at you.
The stone arrow misses you.
You scratch the gargoyle but do no damage.
The gargoyle is heavily damaged.
The gargoyle closely misses you.
You scratch the gargoyle but do no damage.
The gargoyle is heavily damaged.
It was a potion of haste.
You feel yourself speed up. The gargoyle completely misses you.
You scratch the gargoyle but do no damage.
The gargoyle is heavily damaged.
The gargoyle hits you with a +0 flail!
* * * LOW HITPOINT WARNING * * *
You scratch the gargoyle but do no damage.
The gargoyle is heavily damaged.
You feel like a meek peon again.
You scratch the gargoyle but do no damage.
The gargoyle is heavily damaged.
The gargoyle hits you with a +0 flail!
You die...

#.# #.##.###.## #.# #.#
##....###)### #.## #.#
#.........[.# #... #.#
#.#########.###.## ####.#
#.#.......#.....#
##.##.###.#...#Y..#..####
##......##.#y[#.#..+..#
##...>....#.#S[....%+..#
#..........@#WY#.#..+.##
##........#9#s..#..s#.# ##
####......##.#.......#.# #.
#.....#...##.#########.#####.
#.##.........................
.. #.##...######.#.####.####.
## ###.####.# #.#.# ##.# #.
#.....##.# ####.#.# #..# #.
######.....##.# #...#..# #.##
#.


You could see a hornet, a gargoyle, a sky beast, a scorpion, HydraWiggins's
ghost and an adder.

Vanquished Creatures
  Sigmund (D:3)
  A sky beast (D:5)
  2 ogres
  2 bullfrogs (D:6)
  A gnoll sergeant (D:5)
  3 scorpions
  A howler monkey (D:7)
  2 crimson imps
  A bullfrog zombie (D:5)
  A gnoll shaman (D:3)
  A hound (D:6)
  An orc priest (D:7)
  A centaur skeleton (D:6)
  An orc wizard (D:6)
  3 iguanas
  8 worker ants
  17 gnolls
  6 adders
  2 oozes
  2 adder skeletons
  An adder zombie (D:7)
  2 worms (D:3)
  9 dart slugs
  7 leopard geckos
  12 orcs
  7 bats
  6 giant cockroaches
  2 goblins
  7 hobgoblins
  2 jackals (D:6)
  3 quokkas
  4 frilled lizards
  8 kobolds
  A quokka skeleton (D:5)
  A quokka zombie (D:5)
  7 rats
136 creatures vanquished.

Notes
Turn   | Place    | Note
-------+----------+-------------------------------------------
     0 | D:1      | MisterFreud the Troll Monk began the quest for the Orb.
     0 | D:1      | Reached XP level 1. HP: 22/22 MP: 0/0
   426 | D:2      | Reached XP level 2. HP: 29/29 MP: 1/1
   437 | D:2      | Found an iron altar of Okawaru.
   445 | D:2      | Became a worshipper of Warmaster Okawaru
   445 | D:2      | Reached * piety under Okawaru
   445 | D:2      | Reached ** piety under Okawaru
   610 | D:2      | Reached skill level 4 in Unarmed Combat
   746 | D:2      | Found a bloodstained altar of Trog.
   800 | D:2      | Reached XP level 3. HP: 36/36 MP: 2/2
  1312 | D:3      | Reached skill level 5 in Unarmed Combat
  1312 | D:3      | Reached XP level 4. HP: 33/44 MP: 3/3
  1503 | D:3      | Noticed Sigmund
  1513 | D:3      | Killed Sigmund
  1513 | D:3      | Reached *** piety under Okawaru
  1513 | D:3      | Reached skill level 6 in Unarmed Combat
  1513 | D:3      | Reached XP level 5. HP: 50/50 MP: 1/4
  1526 | D:3      | Reached XP level 6. HP: 43/59 MP: 2/5
  1640 | D:3      | Reached skill level 7 in Unarmed Combat
  1682 | D:3      | Found a white marble altar of Elyvilon.
  2045 | D:3      | Found an ornate altar of the Wu Jian Council.
  2577 | D:5      | Entered Level 5 of the Dungeon
  2662 | D:4      | Reached skill level 8 in Unarmed Combat
  2691 | D:4      | Reached XP level 7. HP: 42/66 MP: 6/6
  3377 | D:5      | Found a runed door.
  3532 | D:5      | Found a basalt altar of Yredelemnul.
  3560 | D:5      | Found a glowing golden altar of the Shining One.
  3568 | D:5      | Found Oduxox's Food Boutique.
  3582 | D:5      | Got a fine robe
  3589 | D:5      | Found a staircase to the Ecumenical Temple.
  3602 | D:5      | Identified the +2 robe "Ivafyom" {MR+} (You found it on
                  | level 5 of the Dungeon)
  3665 | D:5      | Reached **** piety under Okawaru
  3762 | D:5      | Found a runed door.
  3763 | D:5      | Noticed nikopol's ghost (novice DEFE)
  4004 | D:6      | Reached skill level 5 in Dodging
  4026 | D:6      | Reached XP level 8. HP: 72/74 MP: 7/7
  4242 | D:6      | Reached skill level 1 in Throwing
  4298 | D:6      | Found a runed gate.
  4299 | D:6      | Found a runed gate.
  4300 | D:6      | Found a runed gate.
  4444 | D:6      | Noticed ThereIsNoGod's ghost (novice OpFi)
  4449 | D:6      | Found a roughly hewn altar of Beogh.
  4509 | D:7      | Noticed a gargoyle
  4663 | D:7      | Noticed HydraWiggins's ghost (novice TrAE)
  4673 | D:7      | Found a runed gate.
  4673 | D:7      | Found a runed gate.
  4673 | D:7      | Found a runed gate.
  4674 | D:7      | Noticed a hornet
  4880 | D:7      | Slain by a gargoyle

Vault maps used:
D:1:      sevenhm_arrival_forest_fort_small_3
D:2:      nicolae_overflow_hidden_temple, okawaru_ov_weapons_minmay
D:3:      kennysheep_slugbush, lemuel_coloured_pillars_altar, elyvilon_altar_3,
          minmay_misc_feat_enclosed, uniq_sigmund
D:4:      first_ration
D:5:      lemuel_doored_altar, old_standard_altar,
          minmay_temple_entry_crystal_x, ebering_ghost_sewer_f, serial_shops,
          nicolae_shop_trees
D:6:      biasface_ghost_orc_armoury
D:7:      gammafunk_ghost_split

Skill      XL: |  1  2  3  4  5  6  7  8 |
---------------+-------------------------+-----
Unarmed Combat | 4 5 6 8 |  8.0
Dodging        | 5 6 |  6.0
Throwing       | 4 |  4.3
Fighting       | |  2.4
Stealth        | |  1.0

Action                   |  1- 3 |  4- 6 |  7- 9 || total
-------------------------+-------+-------+-------++-------
Melee: Unarmed           |    78 |   138 |   152 ||   368
       Punch             |     1 |     2 |     9 ||    12
Throw: Stone             |       |     4 |       ||     4
Invok: Heroism           |       |     1 |     2 ||     3
  Use: Potion            |       |       |     2 ||     2
 Stab: Sleeping          |     3 |       |       ||     3
  Eat: Chunk             |    13 |    17 |    20 ||    50
Armor: Robe              |    37 |    34 |    30 ||   101
Dodge: Dodged            |    61 |    57 |    56 ||   174

Table legend:
 A = Non-vault XP
 B = Vault XP
 C = Vault XP percentage of total XP
 D = Non-vault monster count
 E = Vault monster count
 F = Vault count percentage of total count
                 A         B        C        D         E       F
            +---------+---------+-------+---------+---------+-------
      Total |    2135 |     244 |  10.3 |     129 |       7 |   5.1
            +---------+---------+-------+---------+---------+-------
        D:1 |       8 |       0 |   0.0 |       6 |       0 |   0.0
        D:2 |      65 |       0 |   0.0 |      14 |       0 |   0.0
        D:3 |     178 |     244 |  57.8 |      35 |       7 |  16.7
        D:4 |     315 |       0 |   0.0 |      17 |       0 |   0.0
        D:5 |     501 |       0 |   0.0 |      18 |       0 |   0.0
        D:6 |     538 |       0 |   0.0 |      15 |       0 |   0.0
        D:7 |     530 |       0 |   0.0 |      24 |       0 |   0.0
            +---------+---------+-------+---------+---------+-------
